Map: Alcyone LE

Players

A.I. 2 (Very Easy)

  • Race: Terran Terran
  • Spawn Location: 7:00

trigger - Winner!

  • Race: Protoss Protoss
  • League: Grandmaster
  • Spawn Location: 1:00

VOD

Have the link to the VOD?

Description

Time

  • Played on: April 20, 2024, 5:04 p.m.
  • Length: 6:09
Show
View Real Time Build Order
Export as new Build Order

A.I. 2 (Very Easy) Terran 

Build Orders:  

Get SALT Encoding   

  12  0:00  SCV  
  13  0:13  SCV  
  14  0:18  Supply Depot  
  14  0:36  Refinery  
  14  0:41  Barracks  
  14  1:02  Supply Depot  
  14  1:12  Refinery  
  14  1:29  Marine, SCV  
  16  1:41  SCV  
  17  1:53  SCV  
  18  2:01  Marine  
  18  2:05  SCV  
  20  2:17  SCV  
  21  2:29  SCV  
  22  2:33  Marine  
  23  2:41  Orbital Command  
  23  4:47  SCV  
  23  5:12  SCV  
  23  5:22  Marine  
  23  5:25  SCV  
  16  5:37  SCV  
  2  5:49  SCV  
Show
View Real Time Build Order
Export as new Build Order

trigger Protoss - Winner!

Build Orders: 1 Gate Expand, Blink Stalkers 

Get SALT Encoding   

  12  0:00  Probe  
  13  0:12  Probe  
  14  0:19  Pylon  
  14  0:24  Probe (Chrono Boost)  
  15  0:37  Probe (Chrono Boost)  
  15  0:39  Gateway  
  16  0:45  Probe (Chrono Boost)  
  16  0:47  Assimilator  
  17  0:52  Probe  
  18  1:04  Probe  
  19  1:16  Probe  
  20  1:25  Cybernetics Core  
  20  1:34  Nexus  
  20  1:38  Pylon  
  20  1:43  Assimilator  
  20  1:47  Probe  
  21  1:59  Probe, Adept (Chrono Boost)  
  22  2:02  Warp Gate  
  24  2:11  Probe  
  25  2:19  Adept (Chrono Boost)  
  27  2:23  Probe  
  28  2:35  Probe  
  29  2:38  Twilight Council  
  29  2:42  Stalker  
  31  2:47  Probe x2  
  33  2:59  Probe x2  
  33  3:01  Gateway  
  35  3:05  Blink (Chrono Boost)  
  35  3:11  Probe  
  35  3:12  Probe  
  37  3:23  Probe  
  37  3:24  Probe  
  39  3:31  Robotics Facility  
  39  3:35  Probe  
  39  3:36  Probe  
  41  3:45  Gateway  
  41  3:46  Gateway  
  41  3:47  Probe  
  41  3:48  Probe  
  43  3:49  Pylon  
  43  3:54  Stalker  
  45  3:57  Assimilator  
  45  4:00  Probe  
  45  4:02  Pylon  
  46  4:07  Probe  
  47  4:12  Probe  
  47  4:13  Stalker  
  50  4:17  Warp Prism (Chrono Boost), Stalker  
  50  4:19  Probe  
  55  4:27  Pylon  
  55  4:33  Probe  
  56  4:40  Stalker x3  
  62  4:48  Stalker  
  62  4:52  Pylon  
  64  5:04  Stalker x2  
  64  5:05  Stalker  
  70  5:12  Nexus  
  70  5:29  Stalker x4  
  70  5:32  Pylon  
  78  5:41  Pylon  
  78  5:49  Pylon  
  78  5:50  Probe x2  
Tags
 
Composition
Blink Stalkers
Matchup
PvT
Player
trigger
Spawn Locations
Cross Positions
Add a new tag
Caveats
  • Supply blocks, unpowered buildings, or Contaminate may cause inaccurate times.
  • Supply counts are checked every 10 seconds.